 Dungeon Crawl Stone Soup version 0.29.1-2-gbd0b4ee654 (webtiles) character file.

Game seed: 3891574203052590748

8554 leafyfresh the Martial Artist (level 11, -13/86 (91) HPs)
             Began as a Grey Draconian Transmuter on Oct 25, 2022.
             Was a High Priest of Cheibriados.
             Killed from afar by Nergalle (38 damage)
             ... with a bolt of negative energy
             ... on level 10 of the Dungeon.
             The game lasted 00:26:55 (13904 turns).

leafyfresh the Martial Artist (DrTm)               Turns: 13904, Time: 00:27:03

HP:   -13/86 (91)   AC: 13    Str: 24    XL:     11   Next: 11%
MP:   18/18         EV: 17    Int: 29    God:    Cheibriados [*****.]
Gold: 509           SH:  5    Dex: 25    Spells: 8/19 levels left

rFire   . . .      SeeInvis +     - Unarmed
rCold   . . .      Faith    .   d - orb {light}
rNeg    . . .      Spirit   .   (body armour unavailable)
rPois   .          Reflect  +   (helmet restricted)
rElec   .          Harm     .   y - +0 cloak
rCorr   .          Rampage  .   (no gloves)
Will    +....                   (no boots)
Stlth   +.........              n - amulet of reflection
HPRegen 0.24/turn               m - ring of see invisible
MPRegen 0.16/turn               g - ring of willpower

@: about to teleport, glowing, drained, very slow
A: AC +12, amphibious, unfitting armour, cold-blooded
a: Renounce Religion, Bend Time, Temporal Distortion, Slouch, Step From Time


You were on level 10 of the Dungeon.
You worshipped Cheibriados.
Cheibriados was extremely pleased with you.
You visited 1 branch of the dungeon, and saw 10 of its levels.

You collected 548 gold pieces.
You spent 39 gold pieces at shops.

Inventory:

Hand Weapons
 t - a +6 whip of electrocution
 D - the +9 morningstar of Ragnarok {protect, Will+ Int+3}
   (You found it on level 10 of the Dungeon)

   It grants its wielder temporary protection when it strikes (+7 to AC).
   Int:       It affects your intelligence (+3).
   Will:      It increases your willpower.
Missiles
 w - 3 throwing nets
Armour
 d - an orb of light (worn)
 y - a +0 cloak (worn)
Jewellery
 g - a ring of willpower (right hand)
 m - a ring of see invisible (left hand)
 n - an amulet of reflection (around neck)
 u - a +6 ring of intelligence
 v - a ring of ice
Wands
 o - a wand of flame (24)
 B - a wand of paralysis (8)
Scrolls
 c - 2 scrolls of teleportation
 f - 3 scrolls of immolation
 i - a scroll of blinking
 j - a scroll of amnesia
 k - a scroll of enchant armour {unknown}
 q - 3 scrolls of brand weapon
 r - a scroll of magic mapping {unknown}
 z - a scroll of vulnerability {unknown}
 A - 2 scrolls of identify
 C - 2 scrolls of fear {unknown}
Potions
 a - 2 potions of lignification
 b - 5 potions of curing
 e - a potion of haste
 h - a potion of magic
 l - 2 potions of heal wounds
 p - a potion of attraction
 s - 3 potions of berserk rage {unknown}
 x - a potion of resistance {unknown}


   Skills:
 - Level 6.8 Fighting
 - Level 5.9 Dodging
 - Level 11.7 Unarmed Combat
 + Level 4.8 Spellcasting
 + Level 8.8 Transmutations


You had 8 spell levels left.
You knew the following spells:

 Your Spells              Type           Power      Damage    Failure   Level
a - Beastly Appendage     Tmut           100%       N/A       1%          1
b - Spider Form           Tmut/Pois      32%        N/A       3%          3
c - Ensorcelled Hibernat  Hex/Ice        14%        N/A       10%         2
d - Blade Hands           Tmut           27%        N/A       4%          5

Your spell library contained the following spells:

 Spells                   Type           Power      Damage    Failure   Level
 Wereblood                Tmut           55%        N/A       1%          2
 Freeze                   Ice            28%        1d5       6%          1
 Ignite Poison            Fire/Tmut/Pois 24%        N/A       6%          3
 Blink                    Tloc           14%        N/A       10%         2
 Poisonous Vapours        Pois/Air       14%        N/A       10%         2
 Ice Form                 Ice/Tmut       32%        N/A       11%         4
 Conjure Flame            Conj/Fire      7%         6-21      19%         3
 Frozen Ramparts          Ice            14%        1d3       19%         3
 Inner Flame              Hex/Fire       7%         N/A       19%         3
 Irradiate                Conj/Tmut      16%        3d17      28%         5
 Anguish                  Hex/Necr       3%         N/A       54%         4
 Animate Dead             Necr           7%         N/A       54%         4
 Cause Fear               Hex            3%         N/A       54%         4
 Corpse Rot               Necr/Pois/Air  7%         N/A       54%         4
 Hailstorm                Conj/Ice       7%         3d4       54%         4
 Sticky Flame             Conj/Fire      7%         2d3       54%         4
 Dragon Form              Tmut           27%        N/A       82%         7
 Borgnjor's Vile Clutch   Necr/Erth      3%         N/A       87%         5
 Manifold Assault         Tloc           7%         N/A       87%         5
 Death Channel            Necr           3%         N/A       100%        6
 Storm Form               Tmut/Air       16%        N/A       100%        7
 Discord                  Hex            3%         N/A       100%        8


Dungeon Overview and Level Annotations

Branches:
Dungeon (10/15)            Temple (0/1) D:4             Orc (0/2) D:9
   Lair: D:8-11

Altars:
Ashenzari
Cheibriados
Elyvilon
Nemelex Xobeh
Vehumet
Wu Jian
Xom
Yredelemnul
Zin

Shops:
D:3 *   D:5 *

Annotations:
D:3 2 transporters, Arctor's ghost, amateur GrFi
D:4 1 runed translucent door, lonewolfV2's ghost, amateur GrBe
D:6 1 runed translucent door, styxcanada's ghost, novice SpBr
D:8 3 runed translucent doors, hawla's ghost, novice MeFE
D:10 Nergalle


Innate Abilities, Weirdness & Mutations

Your dull iron-grey scales are very hard. (AC +12)
You are amphibious.
You cannot fit into any form of body armour.
You are cold-blooded and may be slowed by cold attacks.


Message History

You slice the orc priest!!
You kill the orc priest!
Cheibriados appreciates the change of pace.
You start resting.
You feel sick.
Your hands revert to their normal proportions.
Your orb of light unmelds from your body.
You feel sick.
You start resting.
You feel sick. x3
An orc comes into view. It is wielding a +0 falchion.
An orc is nearby!
An orc is nearby!
You feel sick.
You are no longer poisoned.
You start resting.
Magic restored.
You start resting.
Nergalle the Soulbinder comes into view.
She is wielding a +0 dagger.
Nergalle is nearby!
Nergalle is nearby!
Nergalle shouts!
You hear a shout!
Nergalle points at you and mumbles some strange words.
Orcish apparitions take form around you.
The orc shouts!
The spectral orc warrior unwields a +0 arbalest.
The spectral orc warrior hits you but does no damage.
Unknown command.
As you read the scroll of teleportation, it crumbles to dust.
You feel strangely unstable.
The spectral orc warrior hits you with a +0 battleaxe!
* * * LOW HITPOINT WARNING * * *
You feel better. The spectral orc warrior misses you.
The spectral orc warrior closely misses you.
The spectral orc warrior closely misses you.
A kobold comes into view. It is wielding a +0 whip.
Nergalle gestures at you while chanting.
The bolt of negative energy hits the orc!!
The orc is drained!
The orc dies!
The bolt of negative energy hits you!!!
You feel drained.
You die...

##...........
####........K...
#.................#....
##......##.o....##.#....
#.....).##)..... #......
#..))......# ..###......
##)†)......###..##......
#.##.Z.#...............
####.Z@#..........#....
######......##......
###.#...........
##.#.#...........
#........(.......
#....<...........
##..........#....
#........[.#....
##..#...........


You could see Nergalle, 2 spectral orc warriors and a kobold.

Vanquished Creatures
  Pikel (D:5)
  2 trolls (D:10)
  Prince Ribbit (D:7)
  2 shadows
  3 wraiths
  2 wyverns
  Eustachio (D:6)
  5 yaks (D:9)
  A steam dragon (D:9)
  2 wargs (D:10)
  An acid dragon (D:8)
  3 water moccasins
  Duvessa (D:4)
  A black bear (D:5)
  4 orc warriors
  A sky beast (D:7)
  2 ice beasts
  3 ogres
  A centaur (D:9)
  A phantom (D:5)
  A lemure (D:5)
  4 gnoll sergeants (D:9)
  2 bullfrogs (D:9)
  4 scorpions
  Dowan (D:4)
  13 wights
  9 killer bees
  A vampire bat (D:3)
  2 jellies
  8 hounds
  3 gnoll boudas (D:9)
  8 orc priests
  2 iguanas
  9 orc wizards
  21 gnolls
  7 adders
  A shadow imp (D:6)
  2 white imps
  4 dart slugs
  3 fire bats (D:3)
  28 orcs
  2 spectral bats (D:3)
  12 bats
  3 bat skeletons (D:3)
  A bat zombie (D:3)
  2 endoplasms
  A giant cockroach (D:3)
  6 goblins
  6 hobgoblins
  4 jackals (D:9)
  7 kobolds
  3 quokkas
  3 ball pythons
  A bat simulacrum (D:3)
  2 frilled lizards
  4 rats
228 creatures vanquished.

Vanquished Creatures (collateral kills)
  2 yaks (D:9)
  An orc warrior (D:9)
  An orc wizard (D:9)
  2 orcs (D:9)
6 creatures vanquished.

Vanquished Creatures (others)
  2 orcs
  4 withered plants
6 creatures vanquished.

Grand Total: 240 creatures vanquished

Notes
Turn   | Place    | Note
-------+----------+-------------------------------------------
     0 | D:1      | leafyfresh the Draconian Transmuter began the quest for the
                  | Orb.
     0 | D:1      | Reached XP level 1. HP: 16/16 MP: 3/3
   394 | D:1      | Reached XP level 2. HP: 16/23 MP: 3/5
  1566 | D:2      | Found a faded altar of an unknown god.
  1626 | D:2      | Found an ornate altar of the Wu Jian Council.
  1932 | D:2      | Reached XP level 3. HP: 22/28 MP: 4/6
  2579 | D:2      | Learned a level 3 spell: Spider Form
  2941 | D:3      | Reached XP level 4. HP: 22/35 MP: 4/7
  3225 | D:3      | Found Ziusawud's General Store.
  3248 | D:3      | Bought a potion of curing for 39 gold pieces
  3393 | D:3      | Reached skill level 5 in Transmutations
  3393 | D:3      | Reached XP level 5. HP: 33/40 MP: 8/8
  3767 | D:3      | Found a transporter.
  3772 | D:3      | Noticed an ogre
  3772 | D:3      | Noticed Arctor's ghost (amateur GrFi)
  3772 | D:3      | Noticed an ogre
  3773 | D:3      | Found a transporter.
  3774 | D:3      | Noticed an ogre
  3852 | D:3      | Reached XP level 6. HP: 41/47 MP: 7/9
  3932 | D:3      | Found a snail-covered altar of Cheibriados.
  4052 | D:3      | Became a worshipper of Cheibriados the Contemplative
  4306 | D:4      | Noticed Duvessa
  4308 | D:4      | Noticed Dowan
  4479 | D:4      | Reached * piety under Cheibriados
  4592 | D:4      | Found a staircase to the Ecumenical Temple.
  4639 | D:4      | Killed Duvessa
  4640 | D:4      | Reached skill level 4 in Unarmed Combat
  4640 | D:4      | Your scales start taking on a dull iron-grey colour.
  4640 | D:4      | Reached XP level 7. HP: 48/52 MP: 7/10
  4643 | D:4      | Killed Dowan
  4822 | D:4      | Found a runed translucent door.
  4822 | D:4      | Noticed lonewolfV2's ghost (amateur GrBe)
  4943 | D:4      | Reached skill level 5 in Unarmed Combat
  5154 | D:5      | Entered Level 5 of the Dungeon
  5580 | D:5      | Found Zin's Purification Station.
  5581 | D:5      | Noticed Pikel
  5602 | D:5      | Killed Pikel
  5603 | D:5      | Reached skill level 7 in Unarmed Combat
  5603 | D:5      | Reached XP level 8. HP: 8/59 MP: 9/11
  5974 | D:5      | Found a glowing silver altar of Zin.
  6232 | D:5      | Reached skill level 8 in Unarmed Combat
  6258 | D:5      | Found a sparkling altar of Nemelex Xobeh.
  6624 | D:5      | Found a radiant altar of Vehumet.
  6625 | D:5      | Found a shimmering altar of Xom.
  6626 | D:5      | Found a white marble altar of Elyvilon.
  6626 | D:5      | Found a basalt altar of Yredelemnul.
  6638 | D:5      | Reached skill level 9 in Unarmed Combat
  6815 | D:5      | Learned a level 2 spell: Ensorcelled Hibernation
  6819 | D:6      | Found a runed translucent door.
  6823 | D:6      | Noticed styxcanada's ghost (novice SpBr)
  6908 | D:6      | Noticed Eustachio
  6931 | D:6      | Killed Eustachio
  7425 | D:6      | Reached skill level 10 in Unarmed Combat
  7425 | D:6      | Reached XP level 9. HP: 64/64 MP: 12/12
  8006 | D:6      | Reached ** piety under Cheibriados
  9268 | D:7      | Noticed Prince Ribbit
  9281 | D:7      | Killed Prince Ribbit
 10888 | D:8      | Found a runed translucent gate.
 10889 | D:8      | Found a runed translucent gate.
 10890 | D:8      | Found a runed translucent gate.
 10892 | D:8      | Noticed hawla's ghost (novice MeFE)
 11455 | D:9      | Reached skill level 11 in Unarmed Combat
 11459 | D:9      | Reached skill level 5 in Fighting
 11680 | D:9      | Learned a level 4 spell: Ice Form
 11753 | D:9      | Reached *** piety under Cheibriados
 11754 | D:9      | Reached XP level 10. HP: 81/81 MP: 8/13
 11779 | D:9      | Reached skill level 5 in Dodging
 12197 | D:9      | Reached **** piety under Cheibriados
 12492 | D:9      | Learned a level 5 spell: Blade Hands
 13027 | D:9      | Found a staircase to the Orcish Mines.
 13104 | D:9      | Reached ***** piety under Cheibriados
 13417 | D:10     | Entered Level 10 of the Dungeon
 13428 | D:10     | Identified the +9 morningstar of Ragnarok {protect, Will+
                  | Int+3}
 13626 | D:10     | Found a broken altar of Ashenzari.
 13632 | D:10     | Reached XP level 11. HP: 83/91 MP: 17/17
 13899 | D:10     | Noticed Nergalle
 13904 | D:10     | Killed from afar by Nergalle

Illustrated notes

Levels and vault maps discovered:
D:1:      kennysheep_arrival_forest, layout_basic
D:2:      layout_basic, basic_altar, ebering_ecumenical_altar_rust,
          chequers_decorated_corner, minmay_misc_feat_four_crosses,
          nicolae_underground_beach
D:3:      layout_rooms, mainiacjoe_overflow_six_doors_small,
          gammafunk_ghost_smash, serial_shops, shop, goddamned_bats
D:4:      layout_rooms, minmay_temple_entry_sparse_star, gammafunk_ghost_grave,
          kennysheep_generic_room_3, uniq_duvessa
D:5:      layout_loops_ring, zin_purify, nemelex_xobeh_ov_fountains_minmay,
          mainiacjoe_overflow_alcove_3, uniq_pikel
D:6:      layout_loops_ring, gammafunk_ghost_grave, uniq_eustachio
D:7:      layout_basic, nicolae_hexahallways, uniq_prince_ribbit1
D:8:      layout_loops_ring, gammafunk_ghost_spectres
D:9:      layout_cave_pools, david_orc_4, enter_bailey_4, serial_gnoll_camp,
          gnoll_camp_medium_01, gnoll_camp_mini_basic, gnoll_camp_huts_basic,
          gnoll_camp_mini_loothouse, gnoll_camp_mini_hut
D:10:     layout_cave_pools, mainiacjoe_overflow_paths,
          erik_lair_orcish_takeover, uniq_nergalle

Skill      XL: |  1  2  3  4  5  6  7  8  9 10 |
---------------+-------------------------------+-----
Transmutations | 3 4 5 6 7 8 |  8.8
Unarmed Combat | 4 7 10 11 | 11.7
Dodging        | 4 5 |  5.9
Fighting       | 5 6 |  6.8
Spellcasting   | 4 |  4.8

Action                   |  1- 3 |  4- 6 |  7- 9 | 10-12 || total
-------------------------+-------+-------+-------+-------++-------
Melee: Unarmed           |    77 |   177 |   230 |   178 ||   662
       Tailslap          |    10 |     7 |    18 |    16 ||    51
       Headbutt          |     7 |     1 |       |       ||     8
       Kick              |     7 |     1 |       |       ||     8
       Whip              |       |    11 |    35 |       ||    46
       Punch             |       |       |       |     5 ||     5
 Cast: Beastly Appendage |     8 |     3 |       |       ||    11
       Spider Form       |     2 |     9 |    17 |       ||    28
       Ice Form          |       |       |     1 |     3 ||     4
       Blade Hands       |       |       |       |    12 ||    12
  Use: Scroll            |     1 |     6 |     9 |     4 ||    20
       Potion            |       |       |     1 |     2 ||     3
Armor: Skin              |    22 |    75 |    42 |    80 ||   219
Dodge: Dodged            |    58 |   202 |   184 |   188 ||   632
Block: Orb               |     9 |    40 |    31 |    16 ||    96
       Other             |     4 |    26 |    41 |    57 ||   128
       Reflection        |     1 |       |     3 |     1 ||     5
